Match 45669527
Unlisted

Match 45669527
End
Selects Airborne Battlegroup
Selects Airborne Battlegroup
Selects Heavy Machine Gun Paradrop
Heavy Machine Gun Paradrop
Construct Weapon Support Center
Bazooka Squad
Heavy Machine Gun Paradrop
Heavy Machine Gun Paradrop
Selects Paratrooper Squad Paradrop
Paratrooper Squad Paradrop
Air Support Center
Grasshopper Recon Run
P-47 Strafing Run
Paratrooper Squad Paradrop
P-47 Dive Bomb
Selects Smoke Bombing Run
Selects Supply Drop
Smoke Bombing Run
Construct Tank Depot
P-47 Strafing Run
Smoke Bombing Run
Paratrooper Squad Paradrop
Alekel
Hello
蛤,你说蛤?
pingping
新年辞旧喜洋洋
欧阳黑奔
ionwood
周杰伦
0
0

Comments sign in to comment!

No comments posted yet!